 Dungeon Crawl Stone Soup version 0.25-a0-860-gf695395 (webtiles) character file.

Game seed: 2560718933528159529, levelgen mode: deterministic

3671 Gunnerkreig the Sneak (level 10, 0/68 HPs)
             Began as an Octopode Wizard on Apr 28, 2020.
             Was an Initiate of Gozag.
             Slain by a black bear (1 damage)
             ... on level 9 of the Dungeon.
             The game lasted 00:37:45 (10737 turns).

Gunnerkreig the Sneak (Octopode Wizard)            Turns: 10737, Time: 00:37:45

Health: 0/68       AC:  1    Str:  6    XL:     10   Next: 13%
Magic:  17/19      EV: 15    Int: 24    God:    Gozag
Gold:   1309       SH:  0    Dex: 11    Spells: 6/21 levels left

rFire    . . .     SeeInvis .   y - +4 scimitar
rCold    . . .     Gourm    .   (no shield)
rNeg     . . .     Faith    .   a - +0 hat
rPois    +         Spirit   .   (no amulet)
rElec    .         Reflect  .   f - ring of poison resistance
rCorr    .         Harm     .   s - +2 ring of slaying
MR       +....                  H - ring of protection from magic
Stlth    +++++.....             (no ring)
HPRegen  0.21/turn              (no ring)
MPRegen  0.16/turn              (no ring)
                                (no ring)
                                (no ring)

@: lethally poisoned (0 -> 0)
A: almost no armour, stealthy swim, amphibious, 8 rings, constrict 8, camouflage
1, gelatinous body 1
a: Potion Petition, Call Merchant, Bribe Branch, Renounce Religion


You were on level 9 of the Dungeon.
You worshipped Gozag.
Gozag was most pleased with you.
You were not hungry.

You visited 2 branches of the dungeon, and saw 10 of its levels.
You also visited: Ossuary.

You collected 1354 gold pieces.
You paid 45 gold pieces to Gozag.

Inventory:

Hand Weapons
 g - a +0 whip of freezing
 y - a +4 scimitar (weapon)
 C - a +1 dagger of speed
Missiles
 b - 33 bolts
 e - 297 stones
 h - 6 throwing nets
 j - 62 sling bullets
 k - 152 arrows
 n - 12 javelins
 o - 5 silver boomerangs
 q - 13 boomerangs
 G - 4 poisoned darts (quivered)
Armour
 a - a +0 hat (worn)
Jewellery
 f - a ring of poison resistance (left tentacle)
 s - a +2 ring of slaying (right tentacle)
 H - a ring of protection from magic (on tentacle)
Wands
 E - a wand of digging (2)
 I - a wand of random effects (12)
Scrolls
 r - 4 scrolls of remove curse
 t - 2 scrolls of enchant weapon
 x - 3 scrolls of amnesia
 F - 2 scrolls of identify
Potions
 d - 2 potions of stabbing
 i - a potion of brilliance {unknown}
 l - 2 potions of flight
 m - 6 potions of curing
 p - 2 potions of ambrosia
 u - 2 potions of haste
 v - 2 potions of lignification
 w - a potion of invisibility {unknown}
 B - 2 potions of degeneration {unknown}
 D - a potion of mutation {unknown}
Comestibles
 c - 12 rations


   Skills:
 + Level 5.7 Fighting
 + Level 4.5 Dodging
 + Level 7.8 Stealth
 + Level 6.3 Spellcasting
 + Level 6.1 Conjurations
 + Level 3.9 Summonings
 - Level 2.0 Translocations
 - Level 3.0 Fire Magic
 + Level 3.8 Air Magic
 - Level 1.0 Poison Magic


You had 6 spell levels left.
You knew the following spells:

 Your Spells              Type           Power        Failure   Level  Hunger
a - Magic Dart            Conj           ####         1%          1    None
b - Call Imp              Summ           ####....     2%          2    None
c - Mephitic Cloud        Conj/Pois/Air  ####....     4%          3    None
d - Conjure Flame         Conj/Fire      ####....     3%          3    None
e - Summon Lightning Spi  Summ/Air       ####....     16%         4    ###....
y - Blink                 Tloc           N/A          5%          2    None

Your spell library contained the following spells:

 Spells                   Type           Power        Failure   Level  Hunger
 Summon Small Mammal      Summ           ####         1%          1    None
 Apportation              Tloc           ###...       3%          1    None
 Call Canine Familiar     Summ           ####....     4%          3    None
 Animate Skeleton         Necr           N/A          8%          1    None
 Corona                   Hex            #......      8%          1    None
 Summon Guardian Golem    Hex/Summ       ###.....     11%         3    None
 Slow                     Hex            #.......     12%         2    None
 Summon Ice Beast         Ice/Summ       ###.....     34%         4    ###....


Dungeon Overview and Level Annotations

Branches:
Dungeon (9/15)             Temple (1/1) D:4             Orc (0/2) D:9
Ossuary (visited)
   Lair: D:8-11

Altars:
Ashenzari
Cheibriados
Dithmenos
Elyvilon
Fedhas
Gozag
Hepliaklqana
Kikubaaqudgha
Makhleb
Nemelex Xobeh
Okawaru
Qazlal
Sif Muna
Trog
Uskayaw
Vehumet
Wu Jian
Yredelemnul
Zin
The Shining One

Annotations:
D:7 ghost with drain, mobdeep's ghost, novice DENe


Innate Abilities, Weirdness & Mutations

You cannot wear most types of armour.
You are very stealthy in the water. (Stealth+)
You are amphibious.
You can wear up to eight rings at the same time.
You can use your tentacles to constrict eight enemies at once.
Your skin changes colour to match your surroundings (Stealth+).
Your rubbery body absorbs attacks. (AC +1, EV +1)


Message History

You feel sick. x4
A black bear comes into view.
A black bear is nearby!
A black bear is nearby!
The black bear growls angrily.
You see here 17 gold pieces.
You feel sick.
You see here 6 gold pieces.
You see here 21 gold pieces.
You now have 1303 gold pieces (gained 21).
You see here 6 gold pieces.
You now have 1309 gold pieces (gained 6).
You feel sick. The black bear misses you. The black bear claws you.
* * * LOW HITPOINT WARNING * * *
The black bear barely misses you. The black bear bites you.
* * * LOW HITPOINT WARNING * * *
The black bear claws you.
You die...
Your body crumbles into a pile of gold.

###+## #)...#
######+#### #....#
#.........# #....#
#......@..#
#....####.......h.#
+....#..'.........#
#...<'.##.....[...#
#....####.........#
#....# #.........#
###+## ########'##
###...h..#
#..s######


You could see a black bear.

Vanquished Creatures
  Pikel (D:6)
  2 wargs (D:9)
  A hungry ghost (D:8)
  2 orc warriors
  A slave (D:6)
  2 phantoms
  A necrophage (D:8)
  5 ogres
  A centaur (D:8)
  2 big kobolds
  4 water moccasin zombies
  6 scorpions
  2 wights
  A crimson imp (D:4)
  3 jellies (D:8)
  2 bullfrog zombies
  A hound (D:5)
  2 orc priests
  5 orc wizards
  4 bullfrog skeletons
  5 iguanas
  A worker ant (D:7)
  3 big kobold zombies (Ossuary)
  4 hound skeletons
  2 hound zombies
  8 gnolls (D:7)
  11 adders
  3 shadow imps
  3 oozes
  4 adder skeletons
  3 adder zombies (Ossuary)
  A worm (D:3)
  3 dart slugs
  6 leopard geckos
  23 orcs
  10 bats
  4 giant cockroaches
  3 gnoll zombies (Ossuary)
  6 goblins
  9 hobgoblins
  14 jackals
  14 kobolds
  2 quokkas
  A ball python (D:4)
  5 frilled lizards
  5 hobgoblin zombies (Ossuary)
  A jackal zombie (D:5)
  5 kobold zombies (Ossuary)
  2 orc zombies (Ossuary)
  A quokka skeleton (D:4)
  6 rats
216 creatures vanquished.

Vanquished Creatures (collateral kills)
  An ogre (D:5)
  A water moccasin zombie (Ossuary)
  A wight (D:6)
  A big kobold zombie (Ossuary)
  2 mummies (Ossuary)
  3 gnolls (D:3)
  A shadow imp (D:5)
  An adder zombie (Ossuary)
11 creatures vanquished.

Vanquished Creatures (others)
  A slave (D:6)
  A wight (D:6)
2 creatures vanquished.

Grand Total: 229 creatures vanquished

Notes
Turn   | Place    | Note
-------+----------+-------------------------------------------
     0 | D:1      | Gunnerkreig the Octopode Wizard began the quest for the
                  | Orb.
     0 | D:1      | Reached XP level 1. HP: 11/11 MP: 4/4
   346 | D:1      | Reached skill level 3 in Stealth
   346 | D:1      | Reached XP level 2. HP: 17/18 MP: 1/6
   645 | D:1      | Reached skill level 1 in Fighting
  1161 | D:2      | Reached XP level 3. HP: 23/23 MP: 5/7
  1727 | D:2      | Reached XP level 4. HP: 28/28 MP: 0/9
  1806 | D:2      | Learned a level 2 spell: Call Imp
  1810 | D:2      | Learned a level 3 spell: Mephitic Cloud
  2087 | D:3      | Reached skill level 4 in Stealth
  2299 | D:3      | Reached XP level 5. HP: 7/34 MP: 5/10
  2324 | D:3      | Reached skill level 1 in Poison Magic
  2923 | D:3      | Reached skill level 1 in Air Magic
  3501 | D:4      | Reached XP level 6. HP: 13/39 MP: 1/11
  3830 | D:4      | Reached skill level 5 in Stealth
  3909 | D:4      | Found a staircase to the Ecumenical Temple.
  4150 | D:4      | Noticed a phantom
  4181 | D:4      | Killed a phantom
  4181 | D:4      | Reached XP level 7. HP: 24/45 MP: 2/13
  4269 | D:4      | HP: 2/45 [poisoned by a scorpion]
  4277 | D:4      | HP: 1/45 [poisoned by a scorpion]
  4294 | Temple   | Entered the Ecumenical Temple
  4960 | Temple   | Became a worshipper of Gozag Ym Sagoz the Greedy
  5075 | D:4      | Found an ancient bone altar of Kikubaaqudgha.
  5151 | D:5      | Entered Level 5 of the Dungeon
  5488 | D:5      | Found a sand-covered staircase.
  5497 | Ossuary  | Entered an ossuary
  5502 | Ossuary  | Learned a level 3 spell: Conjure Flame
  5580 | Ossuary  | Learned a level 2 spell: Blink
  5628 | Ossuary  | HP: 1/46 [water moccasin zombie (7)]
  6082 | Ossuary  | Reached skill level 1 in Fire Magic
  6089 | Ossuary  | Reached XP level 8. HP: 40/52 MP: 2/14
  7310 | D:6      | Reached skill level 5 in Spellcasting
  7349 | D:6      | Noticed Pikel
  7410 | D:6      | Killed Pikel
  7813 | D:6      | Reached XP level 9. HP: 58/59 MP: 10/16
  7820 | D:6      | Reached skill level 5 in Conjurations
  8126 | D:5      | Reached skill level 6 in Stealth
  8282 | D:6      | Found a glowing golden altar of the Shining One.
  8734 | D:7      | Reached skill level 5 in Fighting
  8925 | D:7      | Found a blossoming altar of Fedhas.
  9195 | D:7      | Found a runed translucent door.
  9198 | D:7      | Noticed mobdeep's ghost (novice DENe)
  9351 | D:7      | Learned a level 4 spell: Summon Lightning Spire
  9392 | D:7      | Reached skill level 7 in Stealth
  9695 | D:8      | Found an ornate altar of the Wu Jian Council.
 10164 | D:8      | Reached XP level 10. HP: 67/67 MP: 19/19
 10686 | D:9      | Found a staircase to the Orcish Mines.
 10713 | D:9      | HP: 1/68 [warg (11)]
 10737 | D:9      | HP: 1/68 [black bear (5)]
 10737 | D:9      | Slain by a black bear

Levels and vault maps discovered:
D:1:      shiori_arrival_elements, layout_rooms
D:2:      layout_basic
D:3:      layout_loops_corners
D:4:      layout_basic, marbit_many_paths, minmay_temple_entry_trees,
          kennysheep_generic_room_9
D:5:      layout_loops_ring, first_ration, enter_ossuary_1
D:6:      layout_rooms, kennysheep_mini_moat, uniq_pikel
D:7:      layout_basic, kennysheep_mini, ebering_ghost_reflecting_pool,
          grunt_ogre_cave
D:8:      layout_loops_corners, kennysheep_little_box, hangedman_minor_gate_pass
D:9:      layout_roguey, amethyst_overflow_temple_binary,
          minmay_orc_entry_guard_dogs, minmay_crystal_water
Temple:   compressed_dpeg_circular_temple

Skill      XL: |  1  2  3  4  5  6  7  8  9 |
---------------+----------------------------+-----
Stealth        | 3 4 5 7 |  7.8
Fighting       | 1 2 3 4 5 |  5.7
Conjurations   | 2 3 4 6 |  6.1
Poison Magic   | 1 |  1.0
Air Magic      | 1 2 3 |  3.8
Spellcasting   | 4 5 6 |  6.3
Summonings     | 2 3 |  3.9
Fire Magic     | 1 2 3 |  3.0
Translocations | 2 |  2.0
Dodging        | 4 |  4.5

Action                   |  1- 3 |  4- 6 |  7- 9 | 10-12 || total
-------------------------+-------+-------+-------+-------++-------
Melee: Dagger            |    39 |    86 |   173 |       ||   298
       Constrict         |    11 |    15 |    62 |     8 ||    96
       Tentacles         |     4 |    12 |    34 |     4 ||    54
       Scimitar          |       |       |    89 |    25 ||   114
Throw: Stone             |       |     4 |       |       ||     4
       Boomerang         |       |       |    29 |       ||    29
       Dart              |       |       |     3 |       ||     3
 Cast: Magic Dart        |    62 |    63 |   227 |    10 ||   362
       Call Imp          |       |     5 |    24 |       ||    29
       Mephitic Cloud    |       |     4 |    17 |       ||    21
       Conjure Flame     |       |       |    14 |     2 ||    16
       Blink             |       |       |    10 |     6 ||    16
       Summon Lightning  |       |       |       |     1 ||     1
  Use: Scroll            |       |     6 |     9 |     1 ||    16
       Potion            |       |     2 |     5 |     6 ||    13
 Stab: Sleeping          |     6 |     9 |     7 |     1 ||    23
       Distracted        |       |     1 |       |       ||     1
       Confused          |       |       |     5 |       ||     5
  Eat: Chunk             |     2 |     8 |     3 |       ||    13
       Ration            |       |       |     5 |     1 ||     6
Armor: Skin              |     5 |     3 |    13 |     2 ||    23
Dodge: Dodged            |    26 |    46 |   139 |    32 ||   243
       Rpst.: Scimitar   |       |       |    17 |    11 ||    28

Table legend:
 A = Non-vault XP
 B = Vault XP
 C = Vault XP percentage of total XP
 D = Non-vault monster count
 E = Vault monster count
 F = Vault count percentage of total count
                 A         B        C        D         E       F
            +---------+---------+-------+---------+---------+-------
      Total |    3796 |    1449 |  27.6 |     189 |      37 |  16.4
            +---------+---------+-------+---------+---------+-------
        D:1 |      31 |       0 |   0.0 |      14 |       0 |   0.0
        D:2 |      91 |       0 |   0.0 |      24 |       0 |   0.0
        D:3 |     135 |       0 |   0.0 |      31 |       0 |   0.0
        D:4 |     447 |       1 |   0.2 |      18 |       1 |   5.3
        D:5 |     444 |       0 |   0.0 |      17 |       0 |   0.0
        D:6 |     621 |     545 |  46.7 |      21 |       1 |   4.5
        D:7 |     925 |     125 |  11.9 |      30 |       1 |   3.2
        D:8 |     990 |     146 |  12.9 |      31 |       3 |   8.8
        D:9 |     112 |     199 |  64.0 |       3 |       2 |  40.0
    Ossuary |       0 |     433 | 100.0 |       0 |      29 | 100.0
            +---------+---------+-------+---------+---------+-------
